 Dungeon Crawl Stone Soup version 0.32-a0-306-gfed3edf829 (webtiles) character file.

Game seed: 4033430696405904323

2071 HC7 the Changeling (level 9, 0/70 (83) HPs)
             Began as a Troll Warper on Feb 14, 2024.
             Slain by a wight
             ... wielding a +3 long sword
              (10 damage)
             ... on level 7 of the Dungeon.
             The game lasted 00:37:14 (6036 turns).

HC7 the Changeling (Troll Warper)                   Turns: 6036, Time: 00:37:16

HP:   0/70 (83)     AC:  5    Str: 21    XL:     9   Next: 5%
MP:   10/10         EV: 11    Int: 11    God:
Gold: 118           SH:  0    Dex: 17    Spells: 8/10 levels left

rFire   + . .        s - +7 great mace of Harmony {vamp, rC+}
rCold   + + +        (shield currently unavailable)
rNeg    . . .        b - +1 robe
rPois   .            (helmet restricted)
rElec   .            (no cloak)
rCorr   .            (gloves unavailable)
SInv    .            (boots unavailable)
Will    .....        r - amulet of the Sun {RegenMP rC++ Regen+}
Stlth   ++           x - +6 ring of dexterity
HPRegen 1.91/turn    B - +4 ring of slaying
MPRegen 0.52/turn

%: no passive effects
@: heavily drained
A: large, unfitting armour, claws 3, regeneration 1, shaggy fur 1, tough skin 1,
hooves 1, fire resistance 1, mutation resistance 1
a: no special abilities


You were on level 7 of the Dungeon.
You visited 1 branch of the dungeon, and saw 7 of its levels.

You collected 184 gold pieces.
You spent 66 gold pieces at shops.

Inventory:

Hand Weapons
 a - a +0 spear
 l - a +0 war axe
 p - a +1 short sword of speed
 s - the +7 great mace of Harmony (weapon) {vamp, rC+}
   (You took it off an ogre on level 5 of the Dungeon)

   rC+:       It protects you from cold.
 C - a +0 dagger of electrocution
Missiles
 d - a dart of dispersal (quivered)
 f - 6 boomerangs
 h - 8 poisoned darts
Armour
 b - a +1 robe (worn)
 j - the +0 leather armour of the Dice {rC- Str+3 Int+2 Stlth+}
   (You found it on level 4 of the Dungeon)

   Str+3:     It affects your strength (+3).
   Int+2:     It affects your intelligence (+2).
   rC-:       It makes you vulnerable to cold.
   Stlth+:    It makes you more stealthy.
Jewellery
 g - a ring of ice
 r - the amulet of the Sun (around neck) {RegenMP rC++ Regen+}
   (You acquired it on level 5 of the Dungeon)

   [amulet of magic regeneration]

   RegenMP:   It increases your rate of magic regeneration.
   rC++:      It greatly protects you from cold.
   Regen+:    It increases your rate of health regeneration.
 v - a +5 ring of evasion
 x - a +6 ring of dexterity (left claw)
 y - an amulet of faith
 z - a ring of fire
 B - a +4 ring of slaying (right claw)
Talismans
 i - a beast talisman
 k - a dragon-blood talisman
Wands
 A - a wand of digging (1)
Scrolls
 c - 2 scrolls of blinking
 n - a scroll of noise
 o - 5 scrolls of identify
 q - a scroll of enchant weapon
 u - a scroll of enchant armour
Potions
 e - 4 potions of mutation
 m - 2 potions of curing
 t - a potion of brilliance
 w - a potion of lignification


   Skills:
 + Level 3.6 Fighting
 + Level 2.6 Short Blades
 + Level 4.2 Maces & Flails
 + Level 2.1 Polearms
 + Level 1.5 Throwing
 + Level 4.1 Dodging
 * Level 2.8 Stealth
 + Level 2.6 Unarmed Combat
 + Level 1.3 Spellcasting
 + Level 2.7 Translocations
 * Level 4.2 Shapeshifting


You had 8 spell levels left.
You knew the following spells:

 Your Spells              Type           Power      Damage    Failure   Level
a - Blink                 Tloc           12%        N/A       16%         2

Your spell library contained the following spells:

 Spells                   Type           Power      Damage    Failure   Level
 Lesser Beckoning         Tloc           12%        N/A       16%         2
 Sting                    Conj/Alch      0%         1d3       30%         1
 Summon Small Mammal      Summ           0%         N/A       30%         1
 Teleport Other           Tloc           6%         N/A       30%         3
 Tukima's Dance           Hex            0%         N/A       67%         3
 Manifold Assault         Tloc           6%         N/A       69%         4
 Passage of Golubria      Tloc           6%         N/A       69%         4
 Vhi's Electric Charge    Tloc/Air       6%         N/A       87%         4
 Alistair's Intoxication  Alch           0%         N/A       100%        5
 Yara's Violent Unravell  Hex/Alch       0%         3d3       100%        5


Dungeon Overview and Level Annotations

Branches:
Dungeon (7/15)
 Temple: D:4-7

Altars:
Ashenzari
Gozag
Makhleb
Okawaru
Trog
Wu Jian
Yredelemnul
Zin

Shops:
D:5 *   D:6 *


Innate Abilities, Weirdness & Mutations

You are too large for most types of armour.
You have claws for hands.
Your natural rate of healing is unusually fast.
You are covered in fur. (AC +1)
You have tough skin. (AC +1)
You have large cloven feet.
Your flesh is heat resistant. (rF+)
You are somewhat resistant to further mutation.


Message History

No target in view!
A wight comes into view. It is wielding a +0 flail.
A wight and a sky beast come into view.
Found a blackened lead wand.
A wight comes into view. It is wielding a +0 long sword.
Found 8 stones.
You barely miss the wight. The wight hits you with a +0 flail.
You feel drained.
The wight hits you with a +3 long sword!
You feel drained.
You barely miss the wight. The wight hits you with a +0 flail!
You feel drained. The wight barely misses you.
The wight hits you with a +0 flail!
You sock the wight!
The wight is almost destroyed.
The wight closely misses you. The wight hits you with a +0 flail!
You feel drained.
The wight hits you with a +3 long sword!
You feel drained.
You bludgeon the wight!!
You destroy the wight!
The wight hits you with a +3 long sword!
You feel drained. The wight attacks as it pursues you!
The wight hits you with a +3 long sword!
* * * LOW HITPOINT WARNING * * *
You feel drained.
* * * LOW HITPOINT WARNING * * *
Throw: 3 darts (disperse)
Press: ? - help, Q - select action, (/) - cycle Shift-Dir - straight line, f - wight
Aim: a wight, wielding a +3 long sword and wearing a +0 robe (63% to hit)
You throw a dart of dispersal. The dart of dispersal hits the wight.
The wight blinks!
Throw: 2 darts (disperse)
Press: ? - help, Q - select action, (/) - cycle Shift-Dir - straight line, f/p - wight
Aim: a wight, wielding a +3 long sword and wearing a +0 robe (63% to hit)
You throw a dart of dispersal.
The dart of dispersal closely misses the wight.
The wight hits you with a +3 long sword!
You die...

.##.#.....)......#
..#....#.....#####
#.#..........#
#.#.....<....#
#.#....###.###
######.#........#
#.......#...#####
..#####...z.#
###.@.# #.ยง##
##.)# ##.## #..###
##...# #........
#.......Y
#........


You could see a wight.

Vanquished Creatures
  A yak (D:4)
  A steam dragon (D:4)
  2 water moccasins
  2 black bears
  3 ogres
  A weeping skull (D:4)
  A gnoll sergeant (D:6)
  2 scorpions
  A wight (D:7)
  A howler monkey (D:6)
  5 bombardier beetles
  A jelly (D:5)
  5 orc priests
  A gnoll bouda (D:4)
  2 sleepcaps (D:5)
  3 iguanas
  An orc wizard (D:5)
  3 adders
  6 gnolls
  A shadow imp (D:6)
  4 ufetubi (D:6)
  The ghost of zenocrate the Sneak, a weakling KoDe (D:5)
  A dart slug (D:1)
  13 orcs
  3 endoplasms
  2 giant cockroaches
  6 hobgoblins
  8 jackals
  8 kobolds
  3 quokkas
  6 ball pythons
  4 bats
  5 frilled lizards
  7 goblins
  5 rats
  A spectral orc (D:4)
120 creatures vanquished.

Notes
Turn   | Place    | Note
-------+----------+-------------------------------------------
     0 | D:1      | HC7 the Troll Warper began the quest for the Orb.
     0 | D:1      | Reached XP level 1. HP: 19/19 MP: 1/1
    37 | D:1      | Gained mutation: Your flesh is heat resistant. (rF+)
                  | [potion of mutation]
    37 | D:1      | Gained mutation: You have large cloven feet. [potion of
                  | mutation]
    37 | D:1      | Gained mutation: You are somewhat resistant to further
                  | mutation. [potion of mutation]
   155 | D:1      | Reached XP level 2. HP: 28/28 MP: 2/2
   597 | D:1      | Reached XP level 3. HP: 30/35 MP: 3/3
  1475 | D:3      | Found an ornate altar of the Wu Jian Council.
  1838 | D:3      | Reached XP level 4. HP: 42/42 MP: 5/5
  1958 | D:3      | Reached skill level 1 in Unarmed Combat
  1988 | D:3      | Reached skill level 1 in Shapeshifting
  1988 | D:3      | Reached XP level 5. HP: 41/49 MP: 6/6
  2084 | D:3      | Found a burning altar of Makhleb.
  2454 | D:4      | Found a large runed translucent door.
  2455 | D:4      | Found a large runed translucent door.
  2460 | D:4      | Noticed a yak
  2473 | D:4      | Found a large runed translucent door.
  2473 | D:4      | Found a large runed translucent door.
  2726 | D:4      | Reached skill level 1 in Throwing
  2796 | D:4      | Identified the +0 leather armour of the Dice {rC- Str+3
                  | Int+2 Stlth+}
  2820 | D:4      | Found an iron altar of Okawaru.
  2830 | D:4      | Reached XP level 6. HP: 50/57 MP: 7/7
  2833 | D:4      | Reached skill level 1 in Stealth
  3020 | D:4      | Found a basalt altar of Yredelemnul.
  3046 | D:4      | Reached skill level 1 in Short Blades
  3274 | D:4      | Noticed a steam dragon
  3328 | D:5      | Entered Level 5 of the Dungeon
  3328 | D:5      | Found Oxomadiz's Assorted Antiques.
  3358 | D:4      | Reached XP level 7. HP: 40/66 MP: 8/8
  3370 | D:5      | Found a transporter.
  3372 | D:5      | Bought a scroll of identify for 46 gold pieces
  3373 | D:5      | Noticed zenocrate's ghost (weakling KoDe)
  3378 | D:5      | Identified the +7 great mace of Harmony {vamp, rC+}
  3379 | D:5      | Found a transporter.
  3630 | D:5      | Killed zenocrate's ghost
  3719 | D:5      | HP: 1/66 [ogre/+0 giant spiked club (34)]
  3721 | D:5      | Identified a scroll of acquirement
  3721 | D:5      | Acquired the amulet of the Sun {RegenMP rC++ Regen+}
  3812 | D:5      | Found a bloodstained altar of Trog.
  3900 | D:5      | Found a broken altar of Ashenzari.
  3975 | D:5      | Reached XP level 8. HP: 67/74 MP: 9/9
  4318 | D:4      | Reached skill level 1 in Maces & Flails
  4330 | D:4      | Got Qeatte's Catalogue of the Fetid Mob
  4646 | D:6      | Found Fuzad's CLEARANCE SALE!.
  4702 | D:6      | Bought a scroll of identify for 10 gold pieces
  4702 | D:6      | Bought a scroll of identify for 10 gold pieces
  5172 | D:6      | Found a glowing silver altar of Zin.
  5325 | D:6      | Learned a level 2 spell: Blink
  5550 | D:6      | Found an opulent altar of Gozag.
  5950 | D:7      | Reached XP level 9. HP: 83/83 MP: 10/10
  6036 | D:7      | Slain by a wight

Illustrated notes

Levels and vault maps discovered:
D:1:      evilmike_arrival_crescent, layout_basic, dk_noncrumbling_4,
          chequers_serial_rivers_micro_b
D:2:      layout_loops_ring
D:3:      layout_loops_corners, mainiacjoe_overflow_paths,
          lemuel_coloured_pillars_altar
D:4:      layout_loops_corners, lemuel_round_altar,
          yredelemnul_forgotten_temple_becter, minmay_hollow_rounded_squares
D:5:      layout_rooms, trog_butcher_becter, ashenzari_conservatory_becter,
          serial_shops, nicolae_shop_overgrown_old_shop, gammafunk_ghost_smash
D:6:      layout_basic, pdpol_temple_overflow_zin_treasury_gozag_greed,
          nicolae_shop_clearance
D:7:      layout_basic, mainiacjoe_overflow_alcove_1,
          mainiacjoe_overflow_brackets, nicolae_ru_the_path_less_chosen,
          minmay_temple_entry_large_hall, st_stairs_3,
          serial_library_hellmonk_room_a, minmay_misc_feat_square

Skill      XL: |  1  2  3  4  5  6  7  8 |
---------------+-------------------------+-----
Polearms       | 2 |  2.1
Dodging        | 2 3 4 |  4.1
Fighting       | 2 3 |  3.6
Unarmed Combat | 1 2 |  2.6
Shapeshifting  | 1 2 3 4 |  4.2
Throwing       | 1 |  1.5
Stealth        | 1 2 |  2.8
Short Blades   | 1 2 |  2.6
Maces & Flails | 4 |  4.2
Spellcasting   | |  1.3
Translocations | |  2.7

Action                     |  1- 3 |  4- 6 |  7- 9 || total
---------------------------+-------+-------+-------++-------
  Melee: Spear             |    10 |       |       ||    10
         Unarmed           |    94 |    17 |       ||   111
         Kick              |    19 |    81 |    62 ||   162
         Punch             |     1 |       |       ||     1
         Short sword       |       |   183 |    91 ||   274
         Great mace        |       |       |   100 ||   100
  Throw: Boomerang         |       |     8 |       ||     8
         Dart              |       |     1 |     5 ||     6
         Throwing net      |       |     1 |     1 ||     2
    Use: Potion            |     6 |     1 |     2 ||     9
         Scroll            |     8 |     4 |     2 ||    14
   Stab: Sleeping          |       |     2 |     3 ||     5
         Held in net/web   |       |       |     3 ||     3
         Distracted        |       |       |     1 ||     1
 Armour: Robe              |    77 |    95 |   119 ||   291
  Dodge: Dodged            |    63 |    60 |   127 ||   250

Table legend: (Time is in decaauts)
 A = Elapsed time spent in this place.
 B = Non-inter-level travel time spent in this place.
 C = Inter-level travel time spent in this place.
 D = Time resting spent in this place.
 E = Time spent auto-exploring this place.
 F = Levels seen in this place.
 G = Mean time per level.
                   A        B        C        D        E       F      G
               +--------+--------+--------+--------+--------+-----+--------+
         Total |   5989 |   5494 |    495 |      0 |   2871 |   7 |  855.6 |
       Dungeon |   5989 |   5494 |    495 |      0 |   2871 |   7 |  855.6 |
               +--------+--------+--------+--------+--------+-----+--------+

Top non-repeatable levels by time:
     D:6: 1453 daAuts
     D:4: 1233 daAuts
     D:3: 1032 daAuts
     D:5: 821 daAuts
     D:1: 821 daAuts
     D:2: 530 daAuts
     D:7: 96 daAuts
